 Dungeon Crawl Stone Soup version 0.17.1-3-g152610e (webtiles) character file.

1695 Lusmu the Destroyer (level 9, -4/50 HPs)
             Began as a Tengu Air Elementalist on Mar 15, 2016.
             Was a Follower of Vehumet.
             Slain by LonesomeOreo's ghost (6 damage)
             ... on level 5 of the Dungeon.
             The game lasted 00:57:22 (9773 turns).

Lusmu the Destroyer (Tengu Air Elementalist)        Turns: 9773, Time: 00:57:22

Health: -4/50      AC:  5    Str: 10    XL:     9   Next: 3%
Magic:  1/13       EV:  9    Int: 18    God:    Vehumet [*.....]
Gold:   235        SH:  0    Dex: 14    Spells: 2 memorised, 9 levels left

rFire  . . .     SeeInvis .     z - +4 dagger
rCold  + . .     Clarity  .     a - +0 robe
rNeg   . . .     SustAt   .     (no shield)
rPois  .         Gourm    .     (helmet restricted)
rElec  .         Spirit   .     n - +2 cloak
rCorr  .         Warding  .     (no gloves)
rMut   .         Stasis   .     (boots unavailable)
MR     .....                    (no amulet)
Stlth  +++.......               (no ring)
                                p - ring of protection from cold

@: repel missiles, not resistant to hostile enchantments, fairly stealthy
A: beak, talons 3, able to fly 1
a: Fly, Renounce Religion


You were on level 5 of the Dungeon.
You worshipped Vehumet.
Vehumet was aware of your devotion.
You were hungry.

You visited 2 branches of the dungeon, and saw 6 of its levels.

You collected 235 gold pieces.

Inventory:

Hand Weapons
 v - a +0 spear
 z - a +4 dagger (weapon)
Missiles
 E - 16 poisoned needles
 G - 8 needles of sleeping
Armour
 a - a +0 robe (worn)
 n - a +2 cloak (worn)
Jewellery
 p - a ring of protection from cold (left hand)
 t - an uncursed amulet of resist mutation
Wands
 B - a wand of random effects (25)
Scrolls
 d - 6 scrolls of teleportation
 f - a scroll of random uselessness {unknown}
 l - 2 scrolls of remove curse
 r - a scroll of recharging
 s - 2 scrolls of fog
 u - a scroll of enchant armour {unknown}
 w - 3 scrolls of noise
 A - 2 scrolls of blinking {unknown}
 D - a scroll of immolation {unknown}
 F - a scroll of magic mapping {unknown}
Potions
 e - a potion of might
 g - a potion of flight
 j - a potion of haste {unknown}
 k - 4 potions of curing
 o - a potion of heal wounds {unknown}
 x - a potion of brilliance
Books
 b - a book of Air

   Spells                             Type                      Level
   a - Shock                          Conjuration/Air              1
   b - Swiftness                      Charms/Air                   2
   c - Repel Missiles                 Charms/Air                   2
   d - Static Discharge               Conjuration/Air              3
   e - Lightning Bolt                 Conjuration/Air              5
 q - a book of Transfigurations

   Spells                             Type                      Level
   a - Stoneskin                      Transmutation/Earth          2
   b - Irradiate                      Conjuration/Transmutation    5
   c - Statue Form                    Transmutation/Earth          6
   d - Hydra Form                     Transmutation                6
   e - Dragon Form                    Transmutation                7
 y - a book of Callings

   Spells                             Type                      Level
   a - Summon Small Mammal            Summoning                    1
   b - Call Imp                       Summoning                    2
   c - Call Canine Familiar           Summoning                    3
   d - Summon Guardian Golem          Hexes/Summoning              3
   e - Summon Lightning Spire         Summoning/Air                4
   f - Summon Ice Beast               Ice/Summoning                4
Comestibles
 c - 5 bread rations
 i - a beef jerky
 m - 3 meat rations


   Skills:
 * Level 3.0 Fighting
 * Level 4.1 Dodging
 + Level 6.9 Stealth
 - Level 2.0 Spellcasting
 - Level 10.5 Conjurations
 - Level 4.0 Air Magic


You had 9 spell levels left.
You knew the following spells:

 Your Spells              Type           Power        Failure   Level  Hunger
a - Shock                 Conj/Air       ####         1%          1    #......
b - Repel Missiles        Chrm/Air       #.....       12%         2    ###....


Dungeon Overview and Level Annotations

Branches:
Dungeon (5/15)             Temple (1/1) D:4

Altars:
Ashenzari
Cheibriados
Dithmenos
Fedhas
Gozag
Makhleb
Nemelex Xobeh
Okawaru
Qazlal
Sif Muna
Trog
Vehumet
Xom
Yredelemnul

Annotations:
D:5 Grinder; LonesomeOreo's ghost, amateur DDFi


Innate Abilities, Weirdness & Mutations

You have a beak for a mouth.
You have claws for feet.
You can fly.


Message History

Press: ? - help, Shift-Dir - straight line, f/p - LonesomeOreo's ghost
Aim: LonesomeOreo's ghost (moderately damaged)
The zap hits LonesomeOreo's ghost.
LonesomeOreo's ghost is heavily damaged.
LonesomeOreo's ghost hits you!
Casting: Shock
Confirm with . or Enter, or press ? or * to list all spells.
Aiming: Shock
Press: ? - help, Shift-Dir - straight line, f/p - LonesomeOreo's ghost
Aim: LonesomeOreo's ghost (heavily damaged)
The zap hits LonesomeOreo's ghost.
LonesomeOreo's ghost is heavily damaged.
LonesomeOreo's ghost barely misses you.
You hit LonesomeOreo's ghost. You claw LonesomeOreo's ghost.
Your peck misses LonesomeOreo's ghost.
LonesomeOreo's ghost is heavily damaged.
LonesomeOreo's ghost hits you!!
* * * LOW HITPOINT WARNING * * *
LonesomeOreo's ghost hits you.
You die...

##### #...#
#########..######
######................
#............#.......#
#............#..<.#.##
#...#(#.........#...##
#....@W...........#[..
#...#.#......#.....##.
#.....(...............
#...(....#..###.......
#.#####....## #.......
#.#####.#### #.......
#.......# ##......
######.## ##......
#(### #.......


You could see LonesomeOreo's ghost.

Vanquished Creatures
  Pikel (D:4)
  The ghost of Sanvar the Ducker, an amateur HuGl (D:4)
  A slave (D:3)
  2 ogres
  2 centaurs
  A quasit (D:5)
  4 hounds (D:4)
  An iguana (D:4)
  A gnoll shaman (D:4)
  5 orc wizards
  An orc priest (D:5)
  3 worker ants (D:4)
  3 gnolls (D:4)
  15 adders
  2 worms
  8 giant geckos
  19 orcs
  4 ball pythons
  2 giant cockroaches
  10 goblins
  17 hobgoblins
  3 quokkas
  13 bats
  5 giant newts
  12 jackals
  4 kobolds
  A quokka skeleton (D:4)
  12 rats
  A spectral orc (D:2)
154 creatures vanquished.

Vanquished Creatures (others)
  A slave (D:4)
  A giant frog (D:4)
  A quokka (D:4)
  A giant newt (D:4)
4 creatures vanquished.

Grand Total: 158 creatures vanquished

Notes
Turn   | Place    | Note
--------------------------------------------------------------
     0 | D:1      | Lusmu the Tengu Air Elementalist began the quest for the Orb.
     0 | D:1      | Reached XP level 1. HP: 10/10 MP: 4/4
   325 | D:1      | Reached XP level 2. HP: 13/15 MP: 4/6
   863 | D:1      | Reached XP level 3. HP: 19/19 MP: 7/7
  1474 | D:1      | Learned a level 2 spell: Repel Missiles
  2247 | D:2      | Reached XP level 4. HP: 24/24 MP: 4/8
  3014 | D:2      | Found a basalt altar of Yredelemnul.
  3153 | D:3      | Reached skill level 5 in Conjurations
  3153 | D:3      | Gained mutation: You can fly. [Tengu growth]
  3153 | D:3      | Reached XP level 5. HP: 15/28 MP: 6/9
  4082 | D:3      | Found a faded altar to an unknown god.
  4164 | D:3      | Reached skill level 6 in Conjurations
  4255 | D:4      | Noticed a slave
  4255 | D:4      | Noticed a slave
  4256 | D:4      | Noticed Pikel
  4256 | D:4      | Noticed a slave
  4256 | D:4      | Noticed a slave
  4275 | D:3      | Killed a slave
  4479 | D:4      | Found a staircase to the Ecumenical Temple.
  4483 | D:4      | Noticed Sanvar's ghost (amateur HuGl)
  4488 | Temple   | Entered the Ecumenical Temple
  4636 | Temple   | Became a worshipper of Vehumet
  4861 | D:4      | Reached XP level 6. HP: 24/32 MP: 10/10
  5057 | D:4      | Found a shimmering altar of Xom.
  5358 | D:4      | Found a shimmering altar of Xom.
  5358 | D:4      | Found a shimmering altar of Xom.
  5358 | D:4      | Found a shimmering altar of Xom.
  5359 | D:4      | Found a shimmering altar of Xom.
  5359 | D:4      | Found a shimmering altar of Xom.
  5361 | D:4      | Found a shimmering altar of Xom.
  5444 | D:4      | Reached skill level 7 in Conjurations
  5949 | D:4      | Killed Pikel
  5949 | D:4      | Reached skill level 5 in Stealth
  5949 | D:4      | Reached skill level 9 in Conjurations
  5949 | D:4      | Reached XP level 7. HP: 12/36 MP: 6/11
  5949 | D:4      | Reached XP level 8. HP: 13/41 MP: 6/12
  6140 | D:4      | Killed a freed slave
  6205 | D:4      | Killed Sanvar's ghost
  6581 | D:4      | Reached skill level 10 in Conjurations
  7080 | D:4      | Reached * piety under Vehumet
  7080 | D:4      | Offered knowledge of Magic Dart by Vehumet.
  7296 | D:5      | Entered Level 5 of the Dungeon
  7297 | D:5      | Noticed Grinder
  7305 | D:5      | Paralysed by Grinder for 6 turns
  7703 | D:5      | Noticed LonesomeOreo's ghost (amateur DDFi)
  7875 | D:4      | Reached skill level 1 in Fighting
  9303 | D:5      | Reached XP level 9. HP: 32/50 MP: 5/13
  9772 | D:5      | HP: 2/50 [LonesomeOreo's ghost (18)]
  9773 | D:5      | Slain by LonesomeOreo's ghost

Action                   |  1- 3 |  4- 6 |  7- 9 || total
-------------------------+-------+-------+-------++-------
Melee: Dagger            |    88 |   178 |    90 ||   356
       Unarmed           |     4 |       |       ||     4
 Cast: Shock             |    30 |    85 |   121 ||   236
       Repel Missiles    |     1 |     1 |     2 ||     4
 Abil: Fly               |       |     1 |     2 ||     3
  Use: Scroll            |       |     8 |     2 ||    10
       Potion            |       |     2 |       ||     2
 Stab: Sleeping          |     4 |     9 |     1 ||    14
       Distracted        |       |       |     1 ||     1
  Eat: Chunk             |     5 |    12 |    10 ||    27
       Fruit             |       |     1 |     3 ||     4
       Beef jerky        |       |       |     1 ||     1
